 Dungeon Crawl Stone Soup version 0.30-a0-553-g7fabdf1491 (webtiles) character file.

Game seed: 3556466451098797432

33723 kae the Transmogrifier (level 13, -1/114 HPs)
             Began as a Demonspawn Transmuter on Dec 26, 2022.
             Was a Priest of Ru.
             Slain by a spriggan rider
             ... wielding a +0 vorpal spear
              (6 damage)
             ... on level 5 of the Lair of Beasts.
             The game lasted 00:19:02 (19407 turns).

kae the Transmogrifier (Demonspawn Transmuter)     Turns: 19407, Time: 00:19:03

Health: -1/114     AC: 18    Str: 11    XL:     13   Next: 38%
Magic:  25/26      EV: 12    Int: 18    God:    Ru [***...]
Gold:   970        SH:  4    Dex: 15    Spells: 20/30 levels left

rFire   x . .      SeeInvis +      - Unarmed
rCold   + + +      Faith    .    (shield currently unavailable)
rNeg    . . .      Spirit   .    (body armour currently unavailable)
rPois   +          Reflect  .    (helmet currently unavailable)
rElec   .          Harm     .    (cloak currently unavailable)
rCorr   .          Rampage  .    (gloves currently unavailable)
Will    +....                    (boots currently unavailable)
Stlth   +                        (no amulet)
HPRegen 0.39/turn                v - ring of see invisible
MPRegen 0.20/turn                O - +4 ring of protection

@: mighty, ice-form, wereblooded
A: freezing attack, amphibious, boosted hp, large, (hooves 2), (slimy green
scales 3), icemail 1, powered by pain 1, inability to use devices, hated by all,
condensation shield, demonic willpower
a: End Transformation, Renounce Religion, Draw Out Power


You were on level 5 of the Lair of Beasts.
You worshipped Ru.
Ru was most pleased with you.
You were a creature of crystalline ice.
You visited 3 branches of the dungeon, and saw 16 of its levels.
You also visited: Ossuary.

You collected 970 gold pieces.


Innate Abilities, Weirdness & Mutations

You are a creature of crystalline ice.
You have a powerful freezing melee attack.
You are amphibious.
Your maximum health is increased.
Your armour is entirely melded.
You are incapable of wielding weapons or throwing items.
((You have hoof-like feet.))
((You are completely covered in slimy green scales. (AC +4, rPois)))
A meltable icy envelope protects you from harm. (AC +4)
You sometimes gain a little power by taking damage.
You cannot study or use magical devices.
You are hated by all.
A meltable shield of frost defends you. (SH +4)
You punish those that try to bend your will. (Will+)


   Skills:
 + Level 6.6 Fighting
 + Level 6.3 Dodging
 + Level 9.3 Unarmed Combat
 + Level 9.1 Spellcasting
 * Level 12.8 Transmutations
 - Level 8.1 Ice Magic
 - Level 2.2 Poison Magic


You had 20 spell levels left.
You knew the following spells:

 Your Spells              Type           Power      Damage    Failure   Level
a - Beastly Appendage     Tmut           100%       N/A       1%          1
b - Wereblood             Tmut           53%        N/A       1%          2
c - Spider Form           Tmut/Pois      35%        N/A       1%          3
d - Ice Form              Ice/Tmut       45%        N/A       1%          4

Your spell library contained the following spells:

 Spells                   Type           Power      Damage    Failure   Level
 Passwall                 Tmut/Erth      25%        N/A       1%          2
 Hailstorm                Conj/Ice       22%        3d7       4%          3
 Petrify                  Tmut/Erth      31%        N/A       6%          4
 Apportation              Tloc           16%        N/A       9%          1
 Kiss of Death            Conj/Necr      32%        2d7       9%          1
 Necrotise                Necr           32%        1d5       9%          1
 Sandblast                Erth           16%        2d6       9%          1
 Sublimation of Blood     Necr           8%         N/A       13%         2
 Irradiate                Conj/Tmut      15%        3d16      17%         5
 Yara's Violent Unravell  Hex/Tmut       15%        3d8       17%         5
 Confusing Touch          Hex            8%         N/A       26%         3
 Stone Arrow              Conj/Erth      16%        3d8       26%         3
 Dispel Undead            Necr           8%         3d8       65%         4
 Enfeeble                 Hex            4%         N/A       100%        7
 Summon Small Mammal      Summ           Unusable   N/A       N/A         1
 Summon Ice Beast         Ice/Summ       Unusable   N/A       N/A         4
 Summon Mana Viper        Hex/Summ       Unusable   N/A       N/A         5
 Simulacrum               Ice/Necr       Unusable   N/A       N/A         6
 Monstrous Menagerie      Summ           Unusable   N/A       N/A         7

Inventory:

Hand Weapons
 P - the +11 great sword "Rurist" {elec, rC+ Str+2 Int+2}
   (You found it on level 3 of the Lair of Beasts)

   It occasionally discharges a powerful burst of electricity upon striking a
   foe.
   Str:       It affects your strength (+2).
   Int:       It affects your intelligence (+2).
   rC:        It protects you from cold.
Missiles
 e - 14 boomerangs
 f - 215 stones
 g - 15 javelins
 m - 26 poisoned darts
 K - 3 silver boomerangs
Armour
 a - a +1 robe (melded)
 t - a +0 hat (melded)
   (You took it off Gastronok on level 2 of the Lair of Beasts)
 x - a +1 cloak (melded)
   (You found it on level 5 of the Dungeon)
Magical Staves
 u - a staff of death {!a}
   (You found it on level 5 of the Dungeon)
 B - a staff of fire {!a}
   (You found it on level 7 of the Dungeon)
Jewellery
 v - a ring of see invisible (left front paw)
   (You found it on level 2 of the Dungeon)
 w - a ring of magical power
   (You found it on level 5 of the Lair of Beasts)
 N - a ring of positive energy
   (You found it on level 5 of the Dungeon)
 O - a +4 ring of protection (right front paw)
   (You found it on level 9 of the Dungeon)
 R - a ring of resist corrosion
   (You found it on level 2 of the Lair of Beasts)
 W - a ring of magical power
   (You found it on level 9 of the Dungeon)
 Z - a ring of wizardry
   (You found it on level 5 of the Dungeon)
Wands
 h - a wand of acid (2)
   (You found it on level 5 of the Lair of Beasts)
 p - a wand of digging (8)
   (You found it on level 3 of the Dungeon)
 E - a wand of paralysis (11)
   (You found it on level 7 of the Dungeon)
 F - a wand of mindburst (11)
   (You found it on level 8 of the Dungeon)
 G - a wand of roots (10)
   (You found it on level 8 of the Dungeon)
 H - a wand of polymorph (10)
   (You found it on level 8 of the Dungeon)
 L - a wand of flame (13)
   (You found it on level 2 of the Lair of Beasts)
Scrolls
 n - 5 scrolls of teleportation {@r4}
 o - 5 scrolls of magic mapping {!r}
 q - 4 scrolls of poison {!r}
 s - 3 scrolls of enchant armour
 y - 2 scrolls of fog
 A - 3 scrolls of vulnerability {!r!r}
 D - 3 scrolls of blinking {!r}
 I - 4 scrolls of immolation {!r!r}
 M - 4 scrolls of enchant weapon
 Q - a scroll of identify {@r1}
Potions
 b - 5 potions of lignification {!q}
 c - 5 potions of cancellation
 d - a potion of haste {@q3}
 i - 4 potions of attraction {!q}
 j - 8 potions of curing {@q1}
 k - 2 potions of heal wounds {@q2}
 l - a potion of resistance
 r - 3 potions of invisibility
 z - 3 potions of mutation {!q}
 C - 2 potions of ambrosia
 J - 2 potions of degeneration {!q}

Dungeon Overview and Level Annotations

Branches:
Dungeon (10/15) Zot: 25855  Temple (1/1) D:5 Zot: 5748    Lair (5/5) D:8 Zot: 21359
 Shoals (0/4) Lair:2       Spider (0/4) Lair:2      Ossuary (visited)
  Slime: Lair:4-5       Orc: D:9-12

Altars:
Ashenzari
Cheibriados
Dithmenos
Gozag
Kikubaaqudgha
Makhleb
Nemelex Xobeh
Okawaru
Qazlal
Ru
Sif Muna
Trog
Uskayaw
Vehumet
Wu Jian
Xom

Shops:
D:2 (   D:8 (

Annotations:
D:9 2 transporters, Dominolapin's ghost, journeyman DsRe
D:10 1 runed translucent door, exclusion: door
Lair:1 3 runed translucent doors, PrincessWhatsHerName's ghost, journeyman OpSu
Lair:4 1 runed translucent door, Athor's ghost, journeyman FoFi
Lair:5 Sonja

♣♣♣....♣♣♣♣♣.. ♣
♣♣♣.......♣ .♣
♣♣♣♣.....♣♣ ...♣
♣♣....♣♣♣♣♣ ♣
♣..♣♣......♣ ♣♣ ♣
♣......♣..♣ ♣...
♣♣......♣♣♣♣ ♣♣.....
♣......♣♣♣♣♣♣♣♣Y......
.....♣♣....♣...Yi♣
..♣♣♣♣ ♣♣♣♣....♣♣♣♣ ♣
♣♣♣♣♣♣


You could see a spriggan rider and a yak.


Message History

The yak bellows!
You punch the yak! You freeze the yak.
You feel a bit better.
You kill the yak!
A water moccasin comes into view.
You punch the spriggan! You freeze the spriggan.
The spriggan closely misses you. 😎 HP[+2]
Your hp is fully restored (114).
You punch the spriggan! You freeze the spriggan.
You kill the spriggan!
You pummel the boggart!! You freeze the boggart!
You kill the boggart!
You closely miss the spriggan.
The spriggan closely misses you. 😎 MP[+1]
You hit the spriggan but do no damage.
The spriggan rider hits you from afar with a +0 vorpal spear!
The spriggan is stunned by your conviction and fails to attack. 😕 HP[-10]
You take 10 damage, and now have 104/114 hp.
You hit the spriggan. You freeze the spriggan.
The spriggan rider closely misses you.
The spriggan hits you but does no damage.
You pummel the spriggan!! You freeze the spriggan!
You feel a bit better.
You kill the spriggan!
The spriggan rider hits you but does no damage. 😕 HP[+3]
You regained 3 hp, and now have 107/114 hp.
You hit the yak. You freeze the yak. The yak gores you.
The spriggan rider hits you from afar with a +0 vorpal spear!!
You focus on the pain.
You feel very mighty all of a sudden.
You punch the yak! You freeze the yak.
You redirect the yak's attack!
The yak gores itself! 😮 HP[-27] MP[+1]
You take 27 damage, and now have 80/114 hp.
MASSIVE DAMAGE!! (PAUSE)
You pummel the yak!! You freeze the yak.
You feel a bit better.
You kill the yak!
The spriggan rider hits you from afar with a +0 vorpal spear!
You focus your inner power and illuminate the spriggan rider in retribution! 😮 HP[-9]
You take 9 damage, and now have 71/114 hp.
You are too injured to fight recklessly!
You are too injured to fight recklessly!
You closely miss the spriggan. The spriggan barely misses you.
The spriggan rider hits you but does no damage. 😮 HP[+1]
You miss the spriggan. The spriggan hits you with a +0 dagger!
The spriggan rider hits you from afar with a +0 vorpal spear!
* * * LOW HITPOINT WARNING * * *
You focus on the pain.
You feel mightier all of a sudden.
* * * LOW HITPOINT WARNING * * *
😨 HP[-26]
You take 26 damage, and now have 46/114 hp.
MASSIVE DAMAGE!! (PAUSE)
You closely miss the spriggan.
You howl as the wereblood boils in your veins!
The spriggan hits you but does no damage.
The spriggan rider closely misses you.
You pummel the spriggan!! You freeze the spriggan.
You feel a bit better.
You kill the spriggan!
You howl as the wereblood boils in your veins!
The spriggan rider hits you from afar with a +0 vorpal spear!
* * * LOW HITPOINT WARNING * * *
x2 😨 HP[-6]
You take 6 damage, and now have 40/114 hp.
Unknown command.
You pummel the yak!! You freeze the yak!
You feel a bit better.
You kill the yak! 😨 HP[+1] MP[+1]
You punch the water moccasin!
The water moccasin seems to slow down.
You freeze the water moccasin. You block the spriggan rider's attack.
The water moccasin bites you but does no damage.
You pummel the water moccasin!! You freeze the water moccasin.
You feel a bit better.
You kill the water moccasin!
You howl as the wereblood boils in your veins!
The spriggan rider hits you from afar with a +0 vorpal spear.
* * * LOW HITPOINT WARNING * * *
x2 The yak gores you but does no damage.
The spriggan rider hits you with a +0 vorpal spear!
* * * LOW HITPOINT WARNING * * *
x2
Items here: ))) [[[ ††††. 😱 HP[-21]
You take 21 damage, and now have 20/114 hp.
You punch the spriggan rider! You freeze the spriggan rider.
You howl as the wereblood boils in your veins!
You block the yak's attack. You block the spriggan rider's attack.
You punch the spriggan rider! You freeze the spriggan rider.
The spriggan rider stops glowing.
The yak gores you.
* * * LOW HITPOINT WARNING * * *
The spriggan rider is stunned by your conviction and fails to attack. 😱 HP[-3]
You take 3 damage, and now have 17/114 hp.
You barely miss the spriggan rider. The yak gores you!
* * * LOW HITPOINT WARNING * * *
The spriggan rider hits you with a +0 vorpal spear.
You die...

Skill      XL: |  1  2  3  4  5  6  7  8  9 10 11 12 13 |
---------------+----------------------------------------+-----
Transmutations | 2 3 4 5 6 8 9 10 12 | 12.8
Unarmed Combat | 3 4 5 6 7 8 9 |  9.3
Poison Magic   | 2 |  2.2
Spellcasting   | 3 4 5 6 7 8 9 |  9.1
Ice Magic      | 1 3 4 6 8 |  8.1
Dodging        | 2 4 5 6 |  6.3
Fighting       | 4 6 |  6.6

Action                   |  1- 3 |  4- 6 |  7- 9 | 10-12 | 13-15 || total
-------------------------+-------+-------+-------+-------+-------++-------
Melee: Unarmed           |   120 |   154 |   331 |   610 |   186 ||  1401
       Kick              |    23 |     5 |     3 |       |       ||    31
       Headbutt          |    14 |     3 |       |       |       ||    17
       Punch             |     4 |       |       |       |       ||     4
 Cast: Beastly Appendage |    32 |     7 |       |       |       ||    39
       Spider Form       |     1 |    11 |     1 |       |       ||    13
       Ice Form          |       |     3 |    43 |    68 |    11 ||   125
       Wereblood         |       |       |    10 |    10 |     3 ||    23
Invok: Sacrifice Artific |       |       |       |     1 |       ||     1
       Draw Out Power    |       |       |       |     1 |     1 ||     2
       Sacrifice Love    |       |       |       |     1 |       ||     1
 Abil: End Transformatio |       |       |     3 |       |       ||     3
Evoke: Wand              |       |       |       |     2 |       ||     2
  Use: Scroll            |     7 |     5 |     9 |     7 |       ||    28
       Potion            |       |       |       |     3 |       ||     3
 Stab: Sleeping          |     2 |     1 |       |       |       ||     3
       Paralysed         |       |       |       |     7 |       ||     7
       Invisible         |       |       |       |     1 |     1 ||     2
       Distracted        |       |       |       |     1 |     1 ||     2
Armor: Robe              |    32 |    12 |     2 |       |       ||    46
       Skin              |       |    34 |   171 |   274 |    96 ||   575
Dodge: Dodged            |    75 |   103 |   180 |   291 |    85 ||   734
Block: Other             |       |    25 |    72 |   108 |    31 ||   236

Levels and vault maps discovered:
D:1:      wheals_arrival_linesprint, layout_basic,
          dilly_ecumenical_altar_fadedgnrine
D:2:      kennysheep_six_static_rooms, layout_basic, serial_shops, shop
D:3:      layout_basic, minmay_unequal
D:4:      layout_cave_pools, chequers_mini_garden
D:5:      layout_rooms, makhleb_altar_promises_db, ashenzari_altar_1,
          grunt_temple_overflow_open, minmay_temple_entry_junction_2,
          enter_ossuary_1, minmay_gold_behind_fungi
D:6:      layout_rooms, mainiacjoe_overflow_surrounded_room,
          nicolae_kikubaaqudgha_miasma_corner,
          mainiacjoe_overflow_small_starburst, zin_scriptorium
D:7:      layout_loops_ring, water_maze_lemuel
D:8:      layout_cave_pools, fedhas_altar_decomposition, lair_entry_dummy,
          serial_gnoll_camp, gnoll_camp_mini_hut, gnoll_camp_mini_hut,
          gnoll_camp_mini_house, gnoll_camp_mini_loothouse,
          gnoll_camp_mini_shop, nicolae_underground_beach
D:9:      layout_basic, trog_hazing_becter, gammafunk_ghost_berserking_beasts
D:10:     minmay_the_grid_triangle_9x9_rhombus_thin_mashed
          [minmay_the_grid_triangle_9x9_dagger,
          minmay_the_grid_triangle_9x9_prize_special,
          minmay_the_grid_triangle_9x9_shrine,
          minmay_the_grid_triangle_9x9_fully_insulated_deathbox],
          layout_loops_ring, mainiacjoe_overflow_boulevard, feat_on_display
Temple:   minmay_temple_curvy_loop
Lair:1:   layout_chaotic_city, gammafunk_ghost_hydra_chop
Lair:2:   layout_gridlike, elwin_shoals_entry_stream, spider_nest_entry_a,
          uniq_urug, uniq_gastronok
Lair:3:   layout_roguey
Lair:4:   layout_regular_city, gammafunk_ghost_grave, grunt_megastairs_1,
          serial_bayou_shore_b
Lair:5:   minmay_lair_end_enchanted_forest, layout_gridlike,
          minmay_slime_entry_oklob_enclosed, grunt_megastairs_5, uniq_sonja

Notes
Turn   | Place    | Note
-------+----------+-------------------------------------------
     0 | D:1      | kae the Demonspawn Transmuter began the quest for the Orb.
     0 | D:1      | Reached XP level 1. HP: 15/15 MP: 3/3
     0 | D:1      | magus.rc [v1.11.3]
   116 | D:1      | You pick up a book of the Tundra and begin reading...
   116 | D:1      | You add the spells Hailstorm and Simulacrum to your
                  | library.
   354 | D:1      | Reached skill level 2 in Transmutations
   392 | D:1      | Lost mutation: You have razor-sharp toenails. [demonic
                  | ancestry]
   392 | D:1      | Lost mutation: You have sharp toenails. [demonic ancestry]
   392 | D:1      | Gained mutation: You have large cloven feet. [demonic
                  | ancestry]
   392 | D:1      | Reached XP level 2. HP: 18/21 MP: 5/5
   764 | D:1      | You pick up a book of Alchemy and begin reading...
   764 | D:1      | You add the spells Sublimation of Blood, Petrify and
                  | Irradiate to your library.
   942 | D:1      | Reached skill level 3 in Unarmed Combat
  1219 | D:1      | Found a faded altar of an unknown god.
  1306 | D:2      | Found Kaco's Antique Weapon Shoppe.
  1464 | D:2      | Gained mutation: You sometimes gain a little power by
                  | taking damage. [demonic ancestry]
  1464 | D:2      | Reached XP level 3. HP: 22/26 MP: 4/6
  1467 | D:2      | Learned a level 2 spell: Wereblood
  1471 | D:2      | Learned a level 3 spell: Spider Form
  2229 | D:3      | Reached skill level 3 in Transmutations
  2277 | D:3      | Gained mutation: A meltable shield of frost defends you.
                  | (SH +4) [demonic ancestry]
  2277 | D:3      | Reached XP level 4. HP: 32/32 MP: 3/7
  2287 | D:3      | Reached skill level 1 in Poison Magic
  2918 | D:4      | Noticed a scorpion
  2925 | D:4      | Killed a scorpion
  2926 | D:4      | Reached skill level 2 in Poison Magic
  2926 | D:4      | Gained mutation: You are partially covered in slimy green
                  | scales. (AC +2) [demonic ancestry]
  2926 | D:4      | Reached XP level 5. HP: 30/37 MP: 5/9
  3114 | D:4      | You pick up a book of Cantrips and begin reading...
  3114 | D:4      | You add the spells Necrotise, Summon Small Mammal and
                  | Apportation to your library.
  3156 | D:4      | Reached skill level 3 in Spellcasting
  3247 | D:4      | You pick up a book of Geomancy and begin reading...
  3247 | D:4      | You add the spells Sandblast, Passwall and Stone Arrow to
                  | your library.
  3288 | D:4      | Gained mutation: You are mostly covered in slimy green
                  | scales. (AC +3) [demonic ancestry]
  3288 | D:4      | Reached XP level 6. HP: 43/43 MP: 5/10
  3382 | D:4      | Reached skill level 4 in Transmutations
  3611 | D:5      | Entered Level 5 of the Dungeon
  3611 | D:5      | Noticed an ice beast
  3651 | D:5      | You pick up a book of Touch and begin reading...
  3651 | D:5      | You add the spells Kiss of Death, Confusing Touch and
                  | Dispel Undead to your library.
  3681 | D:5      | Learned a level 4 spell: Ice Form
  3693 | D:5      | Found a sand-covered staircase.
  3705 | D:5      | Killed an ice beast
  3706 | D:5      | Reached skill level 4 in Unarmed Combat
  3706 | D:5      | Reached skill level 1 in Ice Magic
  3715 | Ossuary  | Entered an ossuary
  3812 | Ossuary  | Gained mutation: A meltable icy envelope protects you from
                  | harm. (AC +4) [demonic ancestry]
  3812 | Ossuary  | Reached XP level 7. HP: 48/48 MP: 10/12
  3853 | Ossuary  | Reached skill level 5 in Transmutations
  3903 | Ossuary  | Reached skill level 2 in Ice Magic
  3984 | D:5      | Found a stormy altar of Qazlal.
  4031 | D:5      | Found a shadowy altar of Dithmenos.
  4086 | D:5      | Found a staircase to the Ecumenical Temple.
  4305 | D:5      | Reached skill level 4 in Spellcasting
  4317 | D:5      | Reached skill level 3 in Ice Magic
  4317 | D:5      | Gained mutation: You have hoof-like feet. [demonic
                  | ancestry]
  4317 | D:5      | Reached XP level 8. HP: 54/54 MP: 7/14
  4337 | Temple   | Entered the Ecumenical Temple
  4569 | Temple   | Became a worshipper of Ru the Awakened
  4778 | D:5      | Found a broken altar of Ashenzari.
  4786 | D:5      | Found a burning altar of Makhleb.
  4786 | D:5      | Noticed a blizzard demon
  4789 | D:5      | Noticed a hellwing
  4789 | D:5      | Noticed a smoke demon
  4930 | D:6      | Reached skill level 6 in Transmutations
  4983 | D:6      | Found an iron altar of Okawaru.
  5054 | D:6      | Found a hazy altar of Hepliaklqana.
  5263 | D:6      | Reached skill level 4 in Ice Magic
  5348 | D:6      | Found an ancient bone altar of Kikubaaqudgha.
  5503 | D:7      | Reached skill level 5 in Unarmed Combat
  5909 | D:7      | Gained mutation: You punish those that try to bend your
                  | will. (Will+) [demonic ancestry]
  5909 | D:7      | Reached XP level 9. HP: 59/59 MP: 12/16
  5949 | D:7      | Reached skill level 5 in Spellcasting
  5949 | D:7      | Reached skill level 5 in Ice Magic
  5956 | D:7      | Reached skill level 7 in Transmutations
  6675 | D:8      | Found a staircase to the Lair.
  6901 | D:8      | Found Puasiud's Antique Weapon Emporium.
  7288 | D:7      | Reached skill level 6 in Ice Magic
  7591 | D:8      | Found a blossoming altar of Fedhas.
  7699 | D:8      | Reached skill level 6 in Unarmed Combat
  7747 | D:8      | Reached skill level 8 in Transmutations
  7849 | D:8      | HP: 16/70 [something (3)]
  8089 | D:8      | Reached XP level 10. HP: 65/65 MP: 14/18
  8624 | D:9      | Reached skill level 6 in Spellcasting
  8624 | D:9      | Reached skill level 7 in Ice Magic
  8947 | D:9      | Noticed a manticore
  8956 | D:9      | Found a transporter.
  8957 | D:9      | Noticed Dominolapin's ghost (journeyman DsRe)
  8957 | D:9      | Noticed a moth of wrath
  8963 | D:9      | Noticed an ice dragon
  8971 | D:9      | Found a transporter.
  9149 | D:9      | Found a bloodstained altar of Trog.
  9528 | D:10     | Entered Level 10 of the Dungeon
  9744 | D:10     | Noticed a seven-headed hydra
  9745 | D:10     | Found a runed translucent door.
  9745 | D:10     | Noticed a deep elf pyromancer
  9745 | D:10     | Noticed a six-headed hydra
  9747 | D:10     | Noticed a centaur warrior
  9754 | D:10     | Noticed a centaur warrior
  9771 | D:10     | Killed a centaur warrior
  9772 | D:10     | Reached skill level 9 in Transmutations
  9772 | D:10     | Noticed a manticore
 10127 | D:10     | You pick up a book of Beasts and begin reading...
 10127 | D:10     | You add the spells Summon Ice Beast, Summon Mana Viper and
                  | Monstrous Menagerie to your library.
 10136 | D:10     | You pick up a book of Geomancy and begin reading...
 10158 | D:10     | Noticed a two-headed ogre
 10170 | D:10     | Killed a two-headed ogre
 10171 | D:10     | Reached skill level 8 in Ice Magic
 10427 | D:10     | Killed a manticore
 10428 | D:10     | Reached skill level 7 in Unarmed Combat
 10571 | D:10     | Reached skill level 2 in Dodging
 10596 | D:10     | Identified the ring of Dishonesty {Fire rElec rN+ rCorr}
 10596 | D:10     | Noticed an orc knight
 10680 | Lair:1   | Entered Level 1 of the Lair of Beasts
 10770 | Lair:1   | Reached XP level 11. HP: 71/71 MP: 18/21
 10951 | Lair:1   | Noticed PrincessWhatsHerName's ghost (journeyman OpSu)
 10951 | Lair:1   | Noticed a 12-headed hydra
 10952 | Lair:1   | Found a runed translucent gate.
 10952 | Lair:1   | Found a runed translucent gate.
 10952 | Lair:1   | Found a runed translucent gate.
 11215 | Lair:1   | You pick up a book of Misfortune and begin reading...
 11215 | Lair:1   | You add the spells Yara's Violent Unravelling and Enfeeble
                  | to your library.
 11332 | Lair:1   | Reached skill level 2 in Fighting
 11608 | Lair:2   | Found a staircase to the Shoals.
 11785 | Lair:2   | Noticed Gastronok
 11943 | Lair:2   | Gained mutation: You cannot study or use magical devices.
                  | [Ru sacrifice]
 11943 | Lair:2   | Reached * piety under Ru
 11943 | Lair:2   | Reached ** piety under Ru
 11953 | Lair:2   | HP: 21/86 [komodo dragon (18)]
 11955 | Lair:2   | Killed Gastronok
 11956 | Lair:2   | Reached skill level 7 in Spellcasting
 11956 | Lair:2   | Reached skill level 10 in Transmutations
 11956 | Lair:2   | HP: 3/88 [komodo dragon (19)]
 12327 | Lair:2   | Reached skill level 3 in Dodging
 12499 | Lair:2   | Noticed Urug
 12520 | Lair:2   | HP: 15/88 [Urug/+1 glaive of protection (14)]
 12522 | Lair:2   | Killed Urug
 12523 | Lair:2   | Reached skill level 3 in Fighting
 13494 | Lair:2   | Reached skill level 4 in Dodging
 13606 | Lair:2   | Found a hole to the Spider Nest.
 13613 | Lair:2   | Reached skill level 4 in Fighting
 13978 | Lair:3   | Reached skill level 8 in Unarmed Combat
 13978 | Lair:3   | Gained mutation: You are completely covered in slimy green
                  | scales. (AC +4, rPois) [demonic ancestry]
 13978 | Lair:3   | Reached XP level 12. HP: 83/83 MP: 20/23
 14136 | Lair:3   | Identified the +11 great sword "Rurist" {elec, rC+ Str+2
                  | Int+2}
 14249 | Lair:3   | Reached skill level 11 in Transmutations
 14638 | Lair:3   | HP: 25/100 [blink frog (10)]
 15439 | Lair:4   | Reached skill level 8 in Spellcasting
 15498 | Lair:4   | Noticed a six-headed hydra
 15507 | Lair:4   | Killed a six-headed hydra
 15931 | Lair:4   | Gained mutation: You are hated by all. [Ru sacrifice]
 15931 | Lair:4   | Reached *** piety under Ru
 15931 | Lair:4   | HP: 21/102 [elephant (12)]
 15937 | Lair:4   | Reached skill level 5 in Fighting
 15939 | Lair:4   | HP: 25/100 [elephant (5)]
 16165 | Lair:4   | Found a runed translucent door.
 16165 | Lair:4   | Noticed Athor's ghost (journeyman FoFi)
 16496 | Lair:5   | Entered Level 5 of the Lair of Beasts
 16498 | Lair:5   | Noticed a seven-headed hydra
 16500 | Lair:5   | Noticed a death yak
 16512 | Lair:4   | Reached skill level 5 in Dodging
 16523 | Lair:5   | Noticed a death yak
 16523 | Lair:5   | Noticed a death yak
 16789 | Lair:4   | Killed a death yak
 17227 | Lair:5   | Killed a seven-headed hydra
 17239 | Lair:5   | Reached skill level 12 in Transmutations
 17239 | Lair:5   | HP: 23/103 [death yak (12)]
 17240 | Lair:5   | HP: 10/103 [death yak (13)]
 17624 | Lair:4   | Killed a death yak
 17856 | Lair:5   | Killed a death yak
 18222 | Lair:5   | Reached skill level 6 in Fighting
 18230 | Lair:5   | Reached XP level 13. HP: 89/93 MP: 23/25
 18310 | Lair:5   | Noticed Sonja
 18375 | Lair:5   | Reached skill level 9 in Unarmed Combat
 18414 | Lair:5   | HP: 26/111 [spriggan/+0 rapier (6)]
 18444 | Lair:5   | Reached skill level 6 in Dodging
 18736 | Lair:5   | Reached skill level 9 in Spellcasting
 19404 | Lair:5   | HP: 24/114 [spriggan rider/+0 vorpal spear (17)]
 19407 | Lair:5   | HP: 5/114 [yak (12)]
 19407 | Lair:5   | Slain by a spriggan rider

Vanquished Creatures
  Gastronok (Lair:2)
  2 hydras
  A centaur warrior (D:10)
  A two-headed ogre (D:10)
  3 death yaks
  Urug (Lair:2)
  11 spriggans (Lair:5)
  5 elephants (Lair:4)
  A manticore (D:10)
  A black mamba (Lair:2)
  A merfolk siren (Lair:2)
  2 rime drakes
  An unseen horror zombie (D:8)
  12 cane toads
  8 komodo dragons
  A kobold demonologist (D:9)
  2 merfolk (Lair:2)
  6 hornets
  7 polar bears
  8 blink frogs
  2 dream sheep (Lair:5)
  18 yaks
  4 wyverns
  A basilisk (Lair:1)
  2 steam dragons
  A redback (Lair:2)
  An acid dragon (D:8)
  14 water moccasins
  2 orc warriors
  2 ice beasts (D:5)
  5 black bears
  16 wolves
  4 centaurs
  3 boggarts (Lair:5)
  2 kobold brigands
  13 bullfrogs
  4 necrophages
  A gnoll sergeant (D:8)
  A wyvern zombie (D:8)
  3 water moccasin zombies (Ossuary)
  5 scorpions
  13 wights
  9 killer bees
  5 howler monkeys
  4 electric eels
  A centaur zombie (D:8)
  4 hounds
  A jelly (D:7)
  2 orc priests
  4 gnoll boudas (D:8)
  3 iguanas
  6 orc wizards
  2 mummies (Ossuary)
  23 gnolls
  7 adders
  2 shadow imps
  2 ufetubi
  4 adder zombies (Ossuary)
  A worm (D:5)
  A dart slug (D:1)
  18 orcs
  9 ball pythons
  6 endoplasms
  2 giant cockroaches
  5 goblins
  5 hobgoblins
  3 quokkas
  5 bats
  4 frilled lizards
  3 gnoll zombies (Ossuary)
  4 hobgoblin zombies (Ossuary)
  22 kobolds
  8 kobold zombies (Ossuary)
  5 orc zombies (Ossuary)
  8 rats
380 creatures vanquished.

Vanquished Creatures (others)
  An elephant (Lair:4)
  2 bushes (D:8)
  32 fungi
  44 plants
  3 toadstools (D:5)
  2 withered plants (Lair:4)
84 creatures vanquished.

Grand Total: 464 creatures vanquished

Table legend:
 A = Non-vault XP
 B = Vault XP
 C = Vault XP percentage of total XP
 D = Non-vault monster count
 E = Vault monster count
 F = Vault count percentage of total count
                 A         B        C        D         E       F
            +---------+---------+-------+---------+---------+-------
      Total |   31423 |   16753 |  34.8 |     260 |     121 |  31.8
            +---------+---------+-------+---------+---------+-------
        D:1 |      33 |       0 |   0.0 |      20 |       0 |   0.0
        D:2 |      14 |      20 |  58.8 |       9 |       6 |  40.0
        D:3 |      85 |      55 |  39.3 |      19 |       5 |  20.8
        D:4 |     301 |       0 |   0.0 |      14 |       0 |   0.0
        D:5 |     948 |       0 |   0.0 |      15 |       0 |   0.0
        D:6 |     310 |       0 |   0.0 |       7 |       0 |   0.0
        D:7 |    1570 |       0 |   0.0 |      36 |       0 |   0.0
        D:8 |    1063 |    1097 |  50.8 |      20 |      17 |  45.9
        D:9 |    2244 |      11 |   0.5 |      27 |       6 |  18.2
       D:10 |    1214 |    1686 |  58.1 |       8 |       5 |  38.5
     Lair:1 |    2047 |       0 |   0.0 |       9 |       0 |   0.0
     Lair:2 |    3772 |    3472 |  47.9 |      16 |       6 |  27.3
     Lair:3 |    3178 |       0 |   0.0 |      13 |       0 |   0.0
     Lair:4 |    7351 |    1110 |  13.1 |      19 |       5 |  20.8
     Lair:5 |    7293 |    8982 |  55.2 |      28 |      42 |  60.0
    Ossuary |       0 |     320 | 100.0 |       0 |      29 | 100.0
            +---------+---------+-------+---------+---------+-------

Illustrated notes

Table legend:
 A = Kills in this place as a percentage of kills in entire the game.
 B = Kills by you in this place as a percentage of kills by you in the entire game.
 C = Kills by friends in this place as a percentage of kills by friends in the entire game.
 D = Other kills in this place as a percentage of other kills in the entire game.
 E = Experience gained in this place as a percentage of experience gained in the entire game.
 F = Experience gained in this place divided by the number of levels of this place that you have seen.
                   A       B       C       D       E      F
               +-------+-------+-------+-------+-------+----------------------
         Total | 100.0 | 100.0 |   N/A | 100.0 | 100.0 | 2833.9
       Dungeon |  56.2 |  56.3 |   N/A |   0.0 |  22.1 | 1065.1
          Lair |  36.2 |  36.1 |   N/A | 100.0 |  77.2 | 7441.0
       Ossuary |   7.6 |   7.6 |   N/A |   0.0 |   0.7 | 320.0
               +-------+-------+-------+-------+-------+----------------------

Table legend: (Time is in decaauts)
 A = Elapsed time spent in this place.
 B = Non-inter-level travel time spent in this place.
 C = Inter-level travel time spent in this place.
 D = Time resting spent in this place.
 E = Time spent auto-exploring this place.
 F = Levels seen in this place.
 G = Mean time per level.
                   A        B        C        D        E       F      G
               +--------+--------+--------+--------+--------+-----+--------+
         Total |  19261 |  18641 |    620 |   1552 |  13973 |  17 | 1133.0 |
       Dungeon |  10142 |   9833 |    309 |    538 |   7545 |  10 | 1014.2 |
        Temple |    251 |    200 |     51 |      0 |    191 |   1 |  251.0 |
          Lair |   8640 |   8381 |    259 |    988 |   6193 |   5 | 1728.0 |
       Ossuary |    227 |    227 |      0 |     25 |     43 |   1 |  227.0 |
               +--------+--------+--------+--------+--------+-----+--------+

Top non-repeatable levels by time:
  Lair:4: 2687 daAuts
  Lair:1: 1683 daAuts
  Lair:5: 1679 daAuts
  Lair:2: 1487 daAuts
     D:7: 1422 daAuts
     D:8: 1358 daAuts
     D:9: 1300 daAuts
     D:1: 1241 daAuts
  Lair:3: 1102 daAuts
    D:10: 1083 daAuts
     D:3: 1050 daAuts
     D:5: 760 daAuts
     D:2: 675 daAuts
     D:4: 656 daAuts
     D:6: 593 daAuts
